 Dungeon Crawl Stone Soup version 0.23.2-1-ga50397a6bc (webtiles) character file.

Game seed: 17982981958746684043

7435 Jaijje the Carver (level 11, -3/81 HPs)
             Began as a Human Wanderer on May 18, 2019.
             Was a Believer of Nemelex Xobeh.
             Slain by a sixfirhy (11 damage)
             ... summoned by an orc sorcerer
             ... on level 9 of the Dungeon.
             The game lasted 00:59:05 (13408 turns).

Jaijje the Carver (Human Wanderer)                 Turns: 13408, Time: 00:59:06

Health: -3/81      AC: 16    Str: 17    XL:     11   Next: 37%
Magic:  16/16      EV: 17    Int: 19    God:    Nemelex Xobeh [**....]
Gold:   301        SH:  7    Dex: 19    Spells: 12/12 levels left

rFire    . . .     SeeInvis .   L - +1 long sword (flame)
rCold    . . .     Gourm    .   s - +0 buckler
rNeg     . . .     Faith    .   E - +0 scale mail
rPois    .         Spirit   .   (no helmet)
rElec    .         Reflect  .   o - +1 cloak
rCorr    .         Harm     .   (no gloves)
MR       .....                  l - +2 pair of boots {Stlth+}
Stlth    ++........             w - amulet of the acrobat
HPRegen  0.23/turn              h - +4 ring of protection
MPRegen  0.15/turn              n - +4 ring of intelligence

@: mighty, agile, lightly drained
A: no striking features
a: Draw Escape, Draw Destruction, Draw Summoning, Renounce Religion


You were on level 9 of the Dungeon.
You worshipped Nemelex Xobeh.
Nemelex Xobeh was pleased with you.
You were not hungry.

You visited 2 branches of the dungeon, and saw 11 of its levels.
You also visited: Sewer.

You collected 392 gold pieces.
You spent 91 gold pieces at shops.

Inventory:

Hand Weapons
 a - a +0 quarterstaff
 L - a +1 long sword of flaming (weapon)
Missiles
 k - 5 tomahawks (quivered)
 D - 2 needles of sleeping
Armour
 e - a +0 shield
 l - a +2 pair of boots of stealth (worn)
 o - a +1 cloak (worn)
 s - a +0 buckler (worn)
 E - a +0 scale mail (worn)
Jewellery
 h - a +4 ring of protection (left hand)
 n - a +4 ring of intelligence (right hand)
 u - an uncursed ring of fire
 w - an amulet of the acrobat (around neck)
 y - an uncursed ring of flight
 O - an uncursed amulet of regeneration
Wands
 K - a wand of digging (2)
Scrolls
 d - a scroll of fog
 j - a scroll of enchant weapon
 m - 7 scrolls of identify
 x - 2 scrolls of teleportation
 G - a scroll of fear
 H - 2 scrolls of immolation
 I - 2 scrolls of remove curse
Potions
 b - a potion of invisibility
 i - a potion of flight
 p - 3 potions of might
 q - a potion of brilliance
 r - a potion of ambrosia
 F - 4 potions of curing
 N - 2 potions of degeneration
Comestibles
 f - 13 rations


   Skills:
 + Level 6.1(5.6) Fighting
 + Level 9.7(9.2) Long Blades
 + Level 4.6(4.1) Armour
 - Level 4.6(4.1) Dodging
 - Level 1.0(0.5) Stealth
 + Level 8.5(8.0) Shields
 - Level 1.0(0.5) Spellcasting
   Level 2.0(1.5) Translocations
 - Level 7.0(6.5) Invocations
 - Level 1.0(0.5) Evocations


You had 12 spell levels left.
You didn't know any spells.
Your spell library contained the following spells:

 Spells                   Type           Power        Failure   Level  Hunger
 Blink                    Tloc           N/A          45%         2    ###....
 Shroud of Golubria       Chrm/Tloc      #.........   56%         2    ###....
 Gell's Gravitas          Tloc           #.........   69%         3    ####...
 Lesser Beckoning         Tloc           #.........   69%         3    ####...
 Teleport Other           Tloc           #.......     69%         3    ####...
 Passage of Golubria      Tloc           N/A          97%         4    #####..


Dungeon Overview and Level Annotations

Branches:
Dungeon (10/15)            Temple (1/1) D:5            Lair (0/6) D:10
    Orc: D:9-12

Altars:
Ashenzari
Cheibriados
Dithmenos
Elyvilon
Fedhas
Gozag
Hepliaklqana
Kikubaaqudgha
Makhleb
Nemelex Xobeh
Okawaru
Qazlal
Ru
Sif Muna
Trog
Uskayaw
Vehumet
Wu Jian
Xom
Yredelemnul
Zin
The Shining One

Shops:
D:4 (   D:7 *   D:9 :

Annotations:
D:3 exclusion: 2 doors
D:4 exclusion: door, Menkaure


Message History

You feel sick.
The sixfirhy hits you but does no damage.
The soul eater draws from the surrounding life force!
* * * LOW HITPOINT WARNING * * *
The orc sorcerer mumbles some strange words.
You feel better. You block the sixfirhy's attack.
The sixfirhy hits you but does no damage.
The sixfirhy misses you.
You riposte.
You slash the sixfirhy! You burn the sixfirhy.
The sixfirhy is moderately wounded.
The sixfirhy hits you but does no damage.
The soul eater closely misses you.
The orc sorcerer gestures at you while chanting.
The bolt of fire hits you!
* * * LOW HITPOINT WARNING * * *
You feel better. You block the sixfirhy's attack. The sixfirhy hits you.
* * * LOW HITPOINT WARNING * * *
The sixfirhy shocks you!
You die...
Your body glows slightly and disappears.

##..#....(..#..###### #...#
##..#.......#.+##### ###.#
##......_..........# #.#
....#.......#......# #######.##
....#.......#......# ###.........
....##.....##......# #...........
....####.####...4..# #.#.........
......[.........3o.###.#.........
.....<[####.....@..'...#.........
....).[# #.....3..#####.........
######## #........# #.........
########## ##########


You could see a soul eater, a rust devil, a sixfirhy and an orc sorcerer.

Vanquished Creatures
  An ogre mage (D:10)
  Harold (D:9)
  2 two-headed ogres
  Pikel (D:3)
  2 hippogriffs (D:9)
  A yak (D:9)
  A water moccasin (D:8)
  An orc warrior (D:10)
  3 sky beasts
  A slave (D:3)
  A black bear (D:9)
  A phantom (D:5)
  4 ogres
  A crocodile (D:9)
  A centaur (D:6)
  3 bullfrogs
  A wyvern zombie (D:6)
  3 scorpions
  3 killer bees (D:7)
  3 wights
  10 crimson imps
  8 hounds
  2 jellies
  3 orc priests
  3 bullfrog skeletons
  4 centaur skeletons
  2 orc wizards
  Jessica (D:2)
  2 iguanas
  Natasha (thrice) (D:2)
  2 worker ants (D:4)
  A hound skeleton (D:4)
  A howler monkey skeleton (D:4)
  7 gnolls
  8 adders
  3 shadow imps
  2 worms
  7 leopard geckos
  28 orcs
  6 giant cockroaches
  7 hobgoblins
  6 jackals
  5 quokkas
  4 ball pythons
  6 bats
  15 frilled lizards
  5 goblins
  A jackal skeleton (D:4)
  9 kobolds
  A quokka zombie (D:5)
  13 rats
210 creatures vanquished.

Vanquished Creatures (collateral kills)
  A two-headed ogre (D:7)
1 creature vanquished.

Grand Total: 211 creatures vanquished

Notes
Turn   | Place    | Note
-------+----------+-------------------------------------------
     0 | D:1      | Jaijje the Human Wanderer began the quest for the Orb.
     0 | D:1      | Jaijje set off with the following items: a +0 quarterstaff,
                  | a +0 falchion, a +0 robe, a ration; and the following
                  | spells available to memorise: Blink, Shroud of Golubria,
                  | Gell's Gravitas, Lesser Beckoning, Teleport Other, Passage
                  | of Golubria
     0 | D:1      | Reached XP level 1. HP: 16/16 MP: 2/2
   411 | D:1      | Reached XP level 2. HP: 18/22 MP: 3/3
  1338 | D:2      | Reached XP level 3. HP: 23/28 MP: 4/4
  1546 | D:2      | Noticed Jessica
  1554 | D:2      | Killed Jessica
  1554 | D:2      | Reached skill level 3 in Long Blades
  1554 | D:2      | Reached XP level 4. HP: 23/35 MP: 5/5
  1796 | D:2      | Found an opulent altar of Gozag.
  1884 | D:2      | Noticed Natasha
  1891 | D:2      | Killed Natasha
  1891 | D:2      | Reached skill level 1 in Shields
  1915 | D:2      | Noticed Natasha
  1930 | D:2      | Killed Natasha
  1930 | D:2      | Reached XP level 5. HP: 14/41 MP: 6/6
  2200 | D:2      | Noticed Natasha
  2209 | D:2      | Killed Natasha
  2569 | D:3      | Reached skill level 4 in Long Blades
  2703 | D:3      | Reached XP level 6. HP: 44/48 MP: 7/7
  2985 | D:3      | Found a shimmering altar of Xom.
  3176 | D:4      | Found a glowing drain.
  3459 | Sewer    | Entered a sewer
  3488 | Sewer    | Reached skill level 5 in Long Blades
  3946 | D:4      | Reached XP level 7. HP: 10/54 MP: 8/8
  4330 | D:4      | Noticed Pikel
  4908 | D:3      | Reached skill level 6 in Long Blades
  5046 | D:4      | Found Xorpha's Antique Weapon Boutique.
  5052 | D:4      | Found a hide-covered altar of Uskayaw.
  5057 | D:4      | Found a stormy altar of Qazlal.
  5208 | D:3      | Killed Pikel
  5208 | D:3      | Reached skill level 7 in Long Blades
  5208 | D:3      | Reached XP level 8. HP: 17/60 MP: 9/9
  5223 | D:4      | Reached skill level 8 in Long Blades
  5675 | D:4      | Found a shadowy altar of Dithmenos.
  5788 | D:4      | Noticed Menkaure
  6012 | D:5      | Entered Level 5 of the Dungeon
  6198 | D:5      | Found a staircase to the Ecumenical Temple.
  6234 | Temple   | Entered the Ecumenical Temple
  6724 | D:5      | Reached skill level 9 in Long Blades
  6724 | D:5      | Reached XP level 9. HP: 44/65 MP: 10/10
  7588 | D:7      | Reached skill level 1 in Armour
  7798 | D:6      | Reached skill level 5 in Shields
  8051 | D:6      | You fall through a shaft!
  8188 | D:7      | Found a sacrificial altar of Ru.
  8400 | D:7      | Found a sparkling altar of Nemelex Xobeh.
  8405 | D:7      | Became a worshipper of Nemelex Xobeh the Trickster
  8411 | D:7      | Received a gift from Nemelex Xobeh
  8535 | D:7      | Found Guah's General Store.
  8569 | D:7      | Bought a scroll of identify for 26 gold pieces
  8569 | D:7      | Bought a potion of curing for 39 gold pieces
  8569 | D:7      | Bought a scroll of identify for 26 gold pieces
  9290 | D:8      | Reached skill level 5 in Fighting
  9384 | D:8      | Found an iron altar of Okawaru.
  9457 | D:8      | Reached * piety under Nemelex Xobeh
  9725 | D:8      | Reached skill level 1 in Invocations
  9739 | D:8      | Noticed a two-headed ogre
  9819 | D:7      | Killed a two-headed ogre
  9819 | D:7      | Reached XP level 10. HP: 74/74 MP: 10/12
  9871 | D:8      | Noticed a two-headed ogre
 10159 | D:9      | Noticed a two-headed ogre
 10160 | D:9      | Noticed Harold
 10195 | D:9      | Found an ancient bone altar of Kikubaaqudgha.
 10198 | D:9      | Found Ushaoneth's Book Boutique.
 10779 | D:9      | Killed a two-headed ogre
 10779 | D:9      | Reached skill level 5 in Invocations
 11044 | D:9      | Reached ** piety under Nemelex Xobeh
 11323 | D:9      | Killed Harold
 11855 | D:10     | Entered Level 10 of the Dungeon
 11893 | D:10     | Noticed an orc sorcerer
 12007 | D:9      | Reached XP level 11. HP: 61/80 MP: 16/16
 12124 | D:10     | Noticed a two-headed ogre
 12140 | D:10     | Killed a two-headed ogre
 12450 | D:10     | Paralysed by an orc sorcerer for 7 turns
 12477 | D:10     | Noticed a green ugly thing
 12490 | D:10     | Identified the ring of Hepliaklqana's Envy {EV+1 Str-5
                  | Int+4 Slay+3}
 12490 | D:10     | Noticed an orc sorcerer
 12495 | D:10     | Found a staircase to the Lair.
 12881 | D:10     | Noticed an ogre mage
 12899 | D:10     | Killed an ogre mage
 12908 | D:10     | Noticed a sun demon
 13400 | D:9      | Noticed a soul eater
 13401 | D:9      | Noticed a sixfirhy
 13407 | D:9      | HP: 3/81 [orc sorcerer/bolt of fire (11)]
 13408 | D:9      | Slain by a sixfirhy

Skill      XL: |  1  2  3  4  5  6  7  8  9 10 11 |
---------------+----------------------------------+-----
Fighting       | 3 4 5 6 |  6.1
Long Blades    | 3 4 5 7 9 |  9.7
Shields        | 1 3 6 7 8 |  8.5
Armour         | 3 4 |  4.6
Invocations    | 2 7 |  7.0
Dodging        | 2 4 |  4.6
Stealth        | |  1.0
Spellcasting   | |  1.0
Translocations | |  2.0
Evocations     | |  1.0

Action                   |  1- 3 |  4- 6 |  7- 9 | 10-12 || total
-------------------------+-------+-------+-------+-------++-------
Melee: Falchion          |    87 |   422 |   548 |       ||  1057
       Long sword        |       |       |   151 |   226 ||   377
Throw: Tomahawk          |       |     3 |       |       ||     3
 Abil: Draw Destruction  |       |       |     2 |       ||     2
       Draw Summoning    |       |       |     1 |     1 ||     2
  Use: Scroll            |     2 |     3 |     2 |    16 ||    23
       Potion            |       |     5 |     2 |    13 ||    20
 Stab: Sleeping          |     1 |     5 |     6 |       ||    12
       Invisible         |       |     2 |       |       ||     2
  Eat: Chunk             |     2 |     9 |    13 |     5 ||    29
       Ration            |       |       |     2 |     2 ||     4
Armor: Robe              |    35 |   160 |    21 |       ||   216
       Leather armour    |       |       |   205 |    93 ||   298
       Scale mail        |       |       |       |    33 ||    33
Dodge: Dodged            |    82 |   248 |   271 |   157 ||   758
Block: Buckler           |       |    57 |   140 |    62 ||   259
       Rpst.: Falchion   |    30 |    88 |    58 |       ||   176
       Long sword        |       |       |    28 |    40 ||    68
